 Dungeon Crawl Stone Soup version 0.19.4-10-g532645f (webtiles) character file.

167 Enroth the Shield-Bearer (level 5, 0/42 HPs)
             Began as a Formicid Fighter on Feb 22, 2017.
             Slain by Robin
             ... wielding a +4 spear of distortion
              (6 damage)
             ... on level 3 of the Dungeon.
             The game lasted 00:04:58 (1926 turns).

Enroth the Shield-Bearer (Formicid Fighter)         Turns: 1926, Time: 00:04:59

Health: 0/42       AC: 15    Str: 21    XL:     5   Next: 76%
Magic:  5/5        EV:  5    Int:  7    God:
Gold:   198        SH: 11    Dex: 11    Spells: 0 memorised, 4 levels left

rFire  . . .     SeeInvis +     a - +0 war axe
rCold  . . .     Gourm    .     o - +0 plate armour
rNeg   . . .     Faith    .     c - +1 shield
rPois  .         Spirit   .     (helmet unavailable)
rElec  .         Reflect  .     (no cloak)
rCorr  .         Harm     .     (no gloves)
MR     .....                    (no boots)
Stlth  ..........               (no amulet)
                                (no ring)
                                b - +4 ring of protection

@: no status effects
A: permanent stasis, dig shafts and tunnels, four strong arms, antennae 3
a: Dig, Shaft Self


You were on level 3 of the Dungeon.
You were not hungry.

You visited 1 branch of the dungeon, and saw 3 of its levels.

You collected 198 gold pieces.

Inventory:

Hand Weapons
 a - a +0 war axe (weapon)
Armour
 c - a +1 shield (worn)
 o - a +0 plate armour (worn)
Jewellery
 b - a +4 ring of protection (left hand)
Scrolls
 g - 3 scrolls of identify
 j - a scroll of enchant armour
 k - a scroll of remove curse
Potions
 d - a potion of might
 h - 3 potions of heal wounds
Comestibles
 f - 3 bread rations
 i - a beef jerky
 l - 4 chunks of flesh
 m - 2 meat rations


   Skills:
 + Level 4.0 Fighting
 + Level 3.4 Axes
 * Level 4.3 Armour
 + Level 0.3 Dodging
 + Level 4.7 Shields


You had 4 spell levels left.
You didn't know any spells.

Dungeon Overview and Level Annotations

Branches:
Dungeon (3/15)

Altars:
Gozag
Xom

Annotations:
D:3 1 runed door, Robin


Innate Abilities, Weirdness & Mutations

You are under a permanent stasis effect.
You can dig through walls and to a lower floor.
Your four strong arms can wield two-handed weapons with a shield.
You have a pair of large antennae on your head. (SInv)


Message History

You closely miss the adder.
Your shield and plate armour prevent you from hitting the hobgoblin.
You closely miss the goblin. You slash the goblin!
You kill the goblin!
You slash the hobgoblin!
You kill the hobgoblin!
The adder bites you but does no damage. You block the goblin's attack.
The hobgoblin hits you but does no damage.
Robin hits you but does no damage. Space warps horribly around you!
* * * LOW HITPOINT WARNING * * *
The adder bites you but does no damage. You block the goblin's attack.
The hobgoblin hits you but does no damage.
Your plate armour prevents you from hitting the adder.
Your plate armour prevents you from hitting the hobgoblin.
You hit the goblin.
You kill the goblin!
You slash the worm! The adder bites you.
* * * LOW HITPOINT WARNING * * *
Robin hits you but does no damage. Space bends around you.
You die...

#.#.# #.#.# #.....#
.#.# #.#.# #
#.....##.#.## #.#.#
#.#..........?..
................
...............
.....g...>.#.#
#....Sw)....#.# #.
#g@)....... #.
#.#)..#.#. #
#..#.#..## #.#..#.#..#
##.#.#.#.#.#
#.#.#.#.#.#.#
###.#.#.#.#.#.. ...
..#.#.#.#.#.#..
..#####.#.#.#.#.#....#


You could see a worm, Robin, an adder and a hobgoblin.

Vanquished Creatures
  Terence (D:3)
  8 adders
  An ooze (D:2)
  2 dart slugs
  A leopard gecko (D:3)
  2 orcs (D:3)
  A ball python (D:3)
  3 giant cockroaches
  13 goblins
  7 hobgoblins
  A quokka (D:2)
  2 bats
  11 frilled lizards
  3 kobolds
  7 rats
63 creatures vanquished.

Notes
Turn   | Place    | Note
-------+----------+-------------------------------------------
     0 | D:1      | Enroth the Formicid Fighter began the quest for the Orb.
     0 | D:1      | Reached XP level 1. HP: 18/18 MP: 1/1
   307 | D:1      | Reached XP level 2. HP: 24/24 MP: 2/2
   789 | D:2      | Reached XP level 3. HP: 25/30 MP: 3/3
   877 | D:2      | Found a shimmering altar of Xom.
   893 | D:2      | Found an opulent altar of Gozag.
  1161 | D:2      | Reached XP level 4. HP: 30/37 MP: 4/4
  1559 | D:3      | Gained mutation: You are clumsy. (Dex -2) [potion of mutation]
  1559 | D:3      | Gained mutation: Your body sometimes deteriorates upon taking damage. [potion of mutation]
  1559 | D:3      | Gained mutation: Your magical capacity is low. (-10% MP) [potion of mutation]
  1561 | D:3      | Lost mutation: Your magical capacity is low. (-10% MP) [potion of cure mutation]
  1561 | D:3      | Lost mutation: Your body sometimes deteriorates upon taking damage. [potion of cure mutation]
  1561 | D:3      | Lost mutation: You are clumsy. (Dex -2) [potion of cure mutation]
  1631 | D:3      | Reached XP level 5. HP: 42/42 MP: 5/5
  1826 | D:3      | Found a runed door.
  1841 | D:3      | Noticed Terence
  1864 | D:3      | Killed Terence
  1916 | D:3      | Noticed Robin
  1926 | D:3      | Slain by Robin

Skill      XL: |  1  2  3  4  5 |
---------------+----------------+-----
Shields        | 4 |  4.7
Armour         | 4 |  4.3
Axes           | 3 |  3.4
Fighting       | 4 |  4.0
Dodging        | |  0.3

Action                   |  1- 3 |  4- 6 || total
-------------------------+-------+-------++-------
Melee: War axe           |   103 |   123 ||   226
  Use: Scroll            |       |     7 ||     7
       Potion            |       |     3 ||     3
  Eat: Chunk             |     1 |     3 ||     4
Armor: Scale mail        |    25 |       ||    25
       Plate armour      |    22 |    98 ||   120
Dodge: Dodged            |    27 |    29 ||    56
Block: Shield            |    52 |    92 ||   144
